 Dungeon Sprint DCSS version 0.16-b1 (console) character file.

11800000 clouded the Axe Maniac (level 26, -48/290 HPs)
             Began as a Deep Dwarf Warper on Mar 13, 2015.
             Was the Champion of Makhleb.
             Killed from afar by an observer (86 damage)
             ... with a fireball
             ... in the Dungeon (Sprint VIII: "Arena of Blood").
             The game lasted 00:05:34 (118 turns).

clouded the Axe Maniac (Deep Dwarf Warper)           Turns: 118, Time: 00:05:34

Health: -48/290    AC:  6    Str: 24    XL:     26   Next: 83%
Magic:  41/49      EV: 28    Int: 16    God:    Makhleb [******]
Gold:   0          SH:  0    Dex: 13    Spells: 1 memorised, 78 levels left

rFire  . . .     SeeInvis +     a - +∞ Axe of Woe
rCold  . . .     Clarity  .     b - +0 leather armour
rNeg   + . .     SustAb   .     (no shield)
rPois  .         Gourm    .     (no helmet)
rElec  .         Spirit   .     (no cloak)
rCorr  .         Warding  .     (no gloves)
rMut   .         NoTele   +     (no boots)
MR     +++..                    (no amulet)
Stlth  +++++++++.               (no ring)
                                n - ring of see invisible

@: lethally poisoned (-48 -> -48), non-regenerating, extremely resistant to
hostile enchantments, incredibly stealthy
A: damage resistance, recharge devices, negative energy resistance 1, sense
surroundings 3, slow healing 3
a: Device Recharging, Minor Destruction, Lesser Servant of Makhleb, Major
Destruction, Greater Servant of Makhleb, Renounce Religion


You were in the Dungeon.
You worshipped Makhleb.
Makhleb was exalted by your worship.
You were not hungry.

You visited 1 branch


   Skills:
 O Level 27 Fighting
 O Level 27 Axes
 O Level 27 Throwing
 O Level 27 Armour
 O Level 27 Dodging
 O Level 27 Stealth
 O Level 27 Unarmed Combat
 O Level 27 Spellcasting
 O Level 27 Translocations
 O Level 27 Invocations
 O Level 27 Evocations


You had 78 spell levels left.
You knew the following spells:

 Your Spells              Type           Power        Failure   Level  Hunger
p - Apportation           Tloc           #######...   0%          1    None


Dungeon Overview and Level Annotations

Branches:
Dungeon (1/1)

Altars:
Makhleb


Innate Abilities, Weirdness & Mutations

You are resistant to damage.
You can recharge devices by infusing magical energy.
You resist negative energy.
You passively map a large area around you.
You do not heal naturally.

Inventory:

Hand weapons
 a - the +∞ Axe of Woe (weapon)
   (You found it in the Dungeon)
 m - a +0 hand axe
Missiles
 e - 5 tomahawks of dispersal (quivered) {!f}
Armour
 b - a +0 leather armour (worn)
Jewellery
 n - a ring of see invisible (left hand)
Magical devices
 f - a wand of heal wounds (5)
Scrolls
 d - 2 scrolls of blinking
Potions
 h - a potion of curing
 i - a potion of heal wounds
 j - a potion of haste
 k - 2 potions of magic
 l - a potion of berserk rage
Books
 c - a book of Spatial Translocations

   Spells                             Type                      Level
   a - Apportation                    Translocation                1
   b - Blink                          Translocation                2
   c - Shroud of Golubria             Charms/Translocation         2
   d - Portal Projectile              Translocation                3
   e - Teleport Other                 Translocation                3
   f - Passage of Golubria            Translocation                4
Comestibles
 g - a bread ration


Message History

The eight-headed meat hydra convulses!
The bag of meat convulses!
Your body is wracked with pain!
* * * LOW HITPOINT WARNING * * *
The bag of meat convulses!
The large bag of meat convulses!
The meat berserker convulses!
You hear a shout! x3
Unknown command.
You slash the crawling corpse!
You slaughter the crawling corpse joyfully.
You destroy the crawling corpse!
You are engulfed in roaring flames.
* * * LOW HITPOINT WARNING * * *
The tyrant waves its bony arms in wide circles.
The air twists around and strikes you!
* * * LOW HITPOINT WARNING * * *
You hear a shout! x3
The observer is engulfed in roaring flames.
The observer gazes at you.
The fireball explodes!
The fireball engulfs you!
You die...

#...#)).....))).......
.%....#).%.%)).........
,,*
,.......)%)..))L%........
, #......)%.X))%).......,
*,, ,
.%#.....)V)#)))....#...
.O...%#.VXL.#))))...#....
* ,
..#..x)S)###.PV.P%.###..
*, ,
.......)))..OoV###%%.....
**
...o..#q)o..H.._.)...... ,
, ....####.%..#.S)))#.....
* ,
*##.oze##....#_.<._#.....
...o#%......#.....# ....
,,..V.oO#........_........
,,, . .M........H###......
, , ,..o....###.. ...###..
,, ....... #.. ,...#,,, ,
,,, ..., #. , ...#


You could see an accursed, a tyrant, 2 eight-headed meat hydras, 5 destroyers,
an observer (invisible), 2 scourges, a sculptor of flesh, a large bag of meat
(inner flame), 2 large abominations, 3 meat berserkers and 6 bags of meat.

Action                   |  1- 3 |  4- 6 |  7- 9 | 10-12 | 13-15 | 16-18 | 19-21 | 22-24 | 25-27 || total
-------------------------+-------+-------+-------+-------+-------+-------+-------+-------+-------++-------
Melee: Executioner's axe |     1 |       |       |     1 |     4 |     4 |     6 |    21 |    28 ||    65
 Cast: Apportation       |       |       |       |       |       |       |       |     1 |       ||     1

Vault maps used:
D:        meatsprint

Vanquished Creatures
  Edmund (D)
  Harold (D)
  3 great orbs of eyes (D)
  5 greater mummies (D)
  3 hell beasts (D)
  9 hill giants (D)
  3 hydras (D)
  3 liches (D)
  33 ogres (D)
  65 orcs (D)
  A phantom (D)
  4 skeletal warriors (D)
  9 vampire knights (D)
  5 wraiths (D)
  A tentacled monstrosity (D)
  5 large abominations (D)
  3 soul eaters (D)
  5 small abominations (D)
  6 crawling corpses (D)
165 creatures vanquished.

Vanquished Creatures (others)
  2 hill giants (D)
  2 hydras (D)
  2 orcs (D)
  A reaper (D)
  10 crawling corpses (D)
17 creatures vanquished.

Grand Total: 182 creatures vanquished

Notes
Turn   | Place    | Note
--------------------------------------------------------------
     0 | D        | clouded, the Deep Dwarf Warper, began the quest for the Orb.
     0 | D        | Reached XP level 1. HP: 19/19 MP: 2/2
     3 | D        | Noticed a bag of meat
     3 | D        | Noticed a bag of meat
     4 | D        | Became a worshipper of Makhleb the Destroyer
     6 | D        | Noticed a meat berserker
     6 | D        | Noticed a meat berserker
     7 | D        | Noticed a bag of meat
     7 | D        | Killed a bag of meat
     7 | D        | Reached skill level 26 in Axes
     7 | D        | Reached XP level 2. HP: 26/26 MP: 3/3
     7 | D        | Reached XP level 3. HP: 32/32 MP: 5/5
     7 | D        | Reached XP level 4. HP: 39/39 MP: 6/6
     7 | D        | Reached XP level 5. HP: 45/45 MP: 7/7
     7 | D        | Reached XP level 6. HP: 52/52 MP: 9/9
     7 | D        | Reached XP level 7. HP: 58/58 MP: 10/10
     7 | D        | Reached XP level 8. HP: 66/66 MP: 12/12
     7 | D        | Gained mutation: You passively map the area around you. [level up]
     7 | D        | Reached XP level 9. HP: 73/73 MP: 13/13
     7 | D        | Reached XP level 10. HP: 80/80 MP: 14/14
     7 | D        | Reached XP level 11. HP: 86/86 MP: 16/16
     8 | D        | Noticed a bag of meat
     8 | D        | Killed a meat berserker
     8 | D        | Acquired Makhleb's first power
     8 | D        | Reached skill level 27 in Axes
     8 | D        | Reached skill level 5 in Fighting
     8 | D        | Reached skill level 2 in Throwing
     8 | D        | Reached skill level 3 in Armour
     8 | D        | Reached skill level 6 in Dodging
     8 | D        | Reached skill level 5 in Spellcasting
     8 | D        | Reached skill level 12 in Translocations
     8 | D        | Reached XP level 12. HP: 53/104 MP: 16/25
     8 | D        | Killed a meat berserker
     8 | D        | Reached skill level 7 in Fighting
     8 | D        | Reached skill level 3 in Throwing
     8 | D        | Reached skill level 4 in Armour
     8 | D        | Reached skill level 8 in Dodging
     8 | D        | Reached skill level 8 in Spellcasting
     8 | D        | Reached skill level 16 in Translocations
     8 | D        | Reached XP level 13. HP: 56/117 MP: 16/29
    10 | D        | Noticed a bag of meat
    10 | D        | Killed a bag of meat
    10 | D        | Acquired Makhleb's second power
    10 | D        | Reached skill level 9 in Fighting
    10 | D        | Reached skill level 4 in Throwing
    10 | D        | Reached skill level 5 in Armour
    10 | D        | Reached skill level 10 in Dodging
    10 | D        | Reached skill level 9 in Spellcasting
    10 | D        | Reached skill level 19 in Translocations
    10 | D        | Killed a bag of meat
    10 | D        | Reached skill level 10 in Fighting
    10 | D        | Reached skill level 11 in Dodging
    10 | D        | Reached skill level 10 in Spellcasting
    10 | D        | Reached skill level 21 in Translocations
    10 | D        | Gained mutation: You resist negative energy. [level up]
    10 | D        | Reached XP level 14. HP: 129/132 MP: 16/32
    11 | D        | Noticed a meat berserker
    12 | D        | Noticed a meat berserker
    13 | D        | Killed a bag of meat
    13 | D        | Acquired Makhleb's third power
    13 | D        | Reached skill level 11 in Fighting
    13 | D        | Reached skill level 5 in Throwing
    13 | D        | Reached skill level 6 in Armour
    13 | D        | Reached skill level 12 in Dodging
    13 | D        | Reached skill level 11 in Spellcasting
    13 | D        | Reached skill level 22 in Translocations
    14 | D        | Killed a bag of meat
    14 | D        | Reached skill level 13 in Dodging
    14 | D        | Reached skill level 12 in Spellcasting
    14 | D        | Reached skill level 24 in Translocations
    14 | D        | Reached XP level 15. HP: 139/144 MP: 17/34
    14 | D        | Killed a meat berserker
    14 | D        | Reached skill level 12 in Fighting
    14 | D        | Reached skill level 6 in Throwing
    14 | D        | Reached skill level 7 in Armour
    14 | D        | Reached skill level 14 in Dodging
    14 | D        | Reached skill level 13 in Spellcasting
    14 | D        | Reached skill level 25 in Translocations
    14 | D        | Killed a meat berserker
    14 | D        | Acquired Makhleb's fourth power
    14 | D        | Reached skill level 13 in Fighting
    14 | D        | Reached skill level 26 in Translocations
    15 | D        | Noticed a bag of meat
    16 | D        | Noticed a meat berserker
    17 | D        | Noticed a meat berserker
    17 | D        | Noticed a meat berserker
    17 | D        | Killed a bag of meat
    17 | D        | Reached skill level 14 in Fighting
    17 | D        | Reached skill level 7 in Throwing
    17 | D        | Reached skill level 16 in Dodging
    17 | D        | Reached skill level 14 in Spellcasting
    17 | D        | Reached skill level 27 in Translocations
    18 | D        | Noticed a meat berserker
    18 | D        | Noticed a bag of meat
    18 | D        | Noticed a bag of meat
    19 | D        | Noticed a bag of meat
    19 | D        | Noticed a bag of meat
    19 | D        | Noticed a bag of meat
    20 | D        | Noticed a bag of meat
    20 | D        | Noticed a meat berserker
    20 | D        | Noticed a bag of meat
    20 | D        | Noticed a bag of meat
    20 | D        | Noticed a bag of meat
    20 | D        | Noticed a bag of meat
    20 | D        | Noticed a destroyer
    20 | D        | Noticed a bag of meat
    21 | D        | Noticed a bag of meat
    21 | D        | Noticed a bag of meat
    21 | D        | Noticed a bag of meat
    21 | D        | Killed a meat berserker
    21 | D        | Acquired Makhleb's fifth power
    21 | D        | Reached skill level 15 in Fighting
    21 | D        | Reached skill level 8 in Armour
    21 | D        | Reached skill level 17 in Dodging
    21 | D        | Reached skill level 16 in Spellcasting
    21 | D        | Reached XP level 16. HP: 141/163 MP: 18/38
    21 | D        | Killed a meat berserker
    21 | D        | Reached skill level 16 in Fighting
    21 | D        | Reached skill level 8 in Throwing
    21 | D        | Reached skill level 18 in Dodging
    21 | D        | Reached skill level 17 in Spellcasting
    21 | D        | Killed a meat berserker
    21 | D        | Reached skill level 17 in Fighting
    21 | D        | Reached skill level 9 in Armour
    21 | D        | Reached skill level 19 in Dodging
    22 | D        | Noticed a bag of meat
    22 | D        | Noticed a bag of meat
    22 | D        | Noticed a bag of meat
    22 | D        | Noticed a meat berserker
    23 | D        | Noticed a large bag of meat
    23 | D        | Noticed a large bag of meat
    23 | D        | Noticed a bag of meat
    23 | D        | Noticed a bag of meat
    23 | D        | Killed a bag of meat
    23 | D        | Reached skill level 18 in Fighting
    23 | D        | Reached skill level 9 in Throwing
    23 | D        | Reached skill level 20 in Dodging
    23 | D        | Reached skill level 18 in Spellcasting
    23 | D        | Killed a meat berserker
    23 | D        | Reached skill level 19 in Fighting
    23 | D        | Reached skill level 10 in Armour
    23 | D        | Reached skill level 19 in Spellcasting
    23 | D        | Reached XP level 17. HP: 180/183 MP: 19/41
    23 | D        | Killed a meat berserker
    23 | D        | Reached skill level 20 in Fighting
    23 | D        | Reached skill level 21 in Dodging
    23 | D        | Reached skill level 20 in Spellcasting
    24 | D        | Noticed a bag of meat
    24 | D        | Noticed a bag of meat
    25 | D        | Noticed a large bag of meat
    25 | D        | Noticed a meat berserker
    25 | D        | Noticed a meat berserker
    25 | D        | Killed a bag of meat
    25 | D        | Reached skill level 21 in Fighting
    25 | D        | Reached skill level 22 in Dodging
    25 | D        | Reached skill level 21 in Spellcasting
    25 | D        | Killed a bag of meat
    25 | D        | Reached skill level 10 in Throwing
    25 | D        | Reached skill level 11 in Armour
    25 | D        | Reached skill level 23 in Dodging
    25 | D        | Killed a bag of meat
    25 | D        | Reached skill level 22 in Fighting
    25 | D        | Reached skill level 22 in Spellcasting
    25 | D        | Killed a bag of meat
    25 | D        | Reached skill level 23 in Fighting
    25 | D        | Reached skill level 24 in Dodging
    25 | D        | Gained mutation: You passively map a large area around you. [level up]
    25 | D        | Reached XP level 18. HP: 200/205 MP: 19/43
    25 | D        | Killed a bag of meat
    25 | D        | Reached skill level 11 in Throwing
    25 | D        | Reached skill level 25 in Dodging
    25 | D        | Reached skill level 23 in Spellcasting
    26 | D        | Killed a bag of meat
    26 | D        | Reached skill level 24 in Fighting
    26 | D        | Killed a destroyer
    26 | D        | Reached skill level 25 in Fighting
    26 | D        | Reached skill level 12 in Armour
    26 | D        | Reached skill level 26 in Dodging
    26 | D        | Reached skill level 24 in Spellcasting
    26 | D        | Killed a bag of meat
    27 | D        | Killed a bag of meat
    27 | D        | Reached skill level 26 in Fighting
    27 | D        | Reached skill level 12 in Throwing
    27 | D        | Reached skill level 27 in Dodging
    27 | D        | Reached skill level 25 in Spellcasting
    27 | D        | Killed a bag of meat
    27 | D        | Reached skill level 27 in Fighting
    27 | D        | Reached skill level 26 in Spellcasting
    27 | D        | Reached XP level 19. HP: 223/226 MP: 20/45
    28 | D        | Noticed a bag of meat
    28 | D        | Noticed a bag of meat
    28 | D        | Noticed a large bag of meat
    28 | D        | Noticed a destroyer
    28 | D        | Killed a bag of meat
    28 | D        | Reached skill level 13 in Throwing
    28 | D        | Reached skill level 13 in Armour
    28 | D        | Reached skill level 27 in Spellcasting
    28 | D        | Killed a bag of meat
    28 | D        | Reached skill level 16 in Throwing
    28 | D        | Reached skill level 15 in Armour
    28 | D        | Noticed a bag of meat
    29 | D        | Killed a bag of meat
    29 | D        | Reached skill level 18 in Throwing
    29 | D        | Reached skill level 17 in Armour
    29 | D        | Killed a bag of meat
    29 | D        | Reached skill level 20 in Throwing
    29 | D        | Reached skill level 18 in Armour
    29 | D        | Killed a bag of meat
    29 | D        | Reached skill level 21 in Throwing
    29 | D        | Reached skill level 20 in Armour
    30 | D        | Noticed a bag of meat
    30 | D        | Noticed a bag of meat
    30 | D        | Noticed a bag of meat
    30 | D        | Killed a meat berserker
    30 | D        | Reached skill level 23 in Throwing
    30 | D        | Reached skill level 21 in Armour
    30 | D        | Reached XP level 20. HP: 236/236 MP: 20/46
    30 | D        | Killed a bag of meat
    30 | D        | Reached skill level 24 in Throwing
    30 | D        | Reached skill level 22 in Armour
    30 | D        | Killed a bag of meat
    30 | D        | Reached skill level 25 in Throwing
    30 | D        | Reached skill level 23 in Armour
    31 | D        | Noticed an eight-headed meat hydra
    31 | D        | Noticed a large bag of meat
    31 | D        | Noticed The Servant
    31 | D        | Killed a meat berserker
    31 | D        | Reached skill level 26 in Throwing
    31 | D        | Reached skill level 24 in Armour
    31 | D        | Killed a bag of meat
    31 | D        | Reached skill level 27 in Throwing
    31 | D        | Reached skill level 25 in Armour
    32 | D        | Noticed a bag of meat
    32 | D        | Killed a bag of meat
    32 | D        | Reached skill level 27 in Armour
    32 | D        | Killed a large bag of meat
    32 | D        | Reached skill level 6 in Stealth
    32 | D        | Reached skill level 4 in Unarmed Combat
    32 | D        | Reached skill level 6 in Invocations
    32 | D        | Reached skill level 6 in Evocations
    33 | D        | Killed a large bag of meat
    33 | D        | Reached skill level 10 in Stealth
    33 | D        | Reached skill level 7 in Unarmed Combat
    33 | D        | Reached skill level 10 in Invocations
    33 | D        | Reached skill level 11 in Evocations
    33 | D        | Killed a bag of meat
    33 | D        | Reached skill level 13 in Stealth
    33 | D        | Reached skill level 9 in Unarmed Combat
    33 | D        | Reached skill level 13 in Invocations
    33 | D        | Reached skill level 14 in Evocations
    33 | D        | Reached XP level 21. HP: 244/244 MP: 21/47
    33 | D        | Killed a bag of meat
    33 | D        | Reached skill level 15 in Stealth
    33 | D        | Reached skill level 11 in Unarmed Combat
    33 | D        | Reached skill level 15 in Invocations
    33 | D        | Reached skill level 16 in Evocations
    34 | D        | Noticed a bag of meat
    34 | D        | Noticed a meat berserker
    34 | D        | Noticed a meat berserker
    34 | D        | Killed a destroyer
    34 | D        | Reached skill level 16 in Stealth
    34 | D        | Reached skill level 12 in Unarmed Combat
    34 | D        | Reached skill level 16 in Invocations
    34 | D        | Reached skill level 18 in Evocations
    34 | D        | Killed a bag of meat
    34 | D        | Reached skill level 17 in Stealth
    34 | D        | Reached skill level 17 in Invocations
    35 | D        | Noticed a meat berserker
    35 | D        | Killed a bag of meat
    35 | D        | Reached skill level 18 in Stealth
    35 | D        | Reached skill level 13 in Unarmed Combat
    35 | D        | Reached skill level 18 in Invocations
    35 | D        | Reached skill level 19 in Evocations
    37 | D        | Killed a bag of meat
    37 | D        | Reached skill level 19 in Stealth
    37 | D        | Reached skill level 14 in Unarmed Combat
    37 | D        | Reached skill level 19 in Invocations
    37 | D        | Reached skill level 21 in Evocations
    37 | D        | Killed a meat berserker
    37 | D        | Reached skill level 20 in Stealth
    37 | D        | Reached skill level 15 in Unarmed Combat
    37 | D        | Reached skill level 20 in Invocations
    37 | D        | Reached skill level 22 in Evocations
    37 | D        | Killed a bag of meat
    37 | D        | Reached skill level 21 in Stealth
    37 | D        | Reached skill level 16 in Unarmed Combat
    37 | D        | Reached skill level 21 in Invocations
    37 | D        | Reached skill level 23 in Evocations
    37 | D        | Killed a meat berserker
    37 | D        | Reached skill level 22 in Stealth
    37 | D        | Reached skill level 17 in Unarmed Combat
    37 | D        | Reached skill level 22 in Invocations
    37 | D        | Reached skill level 24 in Evocations
    37 | D        | Killed The Servant
    37 | D        | Reached skill level 23 in Stealth
    37 | D        | Reached skill level 18 in Unarmed Combat
    37 | D        | Reached skill level 23 in Invocations
    37 | D        | Reached skill level 25 in Evocations
    37 | D        | Reached XP level 22. HP: 254/254 MP: 22/47
    38 | D        | Noticed a large bag of meat
    39 | D        | Noticed a sculptor of flesh
    39 | D        | Killed a meat berserker
    39 | D        | Reached skill level 24 in Stealth
    39 | D        | Reached skill level 24 in Invocations
    39 | D        | Reached skill level 26 in Evocations
    39 | D        | Killed a bag of meat
    39 | D        | Reached skill level 25 in Stealth
    39 | D        | Reached skill level 19 in Unarmed Combat
    39 | D        | Reached skill level 25 in Invocations
    39 | D        | Reached skill level 27 in Evocations
    39 | D        | Killed a bag of meat
    39 | D        | Reached skill level 26 in Stealth
    39 | D        | Reached skill level 20 in Unarmed Combat
    39 | D        | Reached skill level 26 in Invocations
    39 | D        | Killed a bag of meat
    39 | D        | Reached skill level 27 in Stealth
    39 | D        | Reached skill level 22 in Unarmed Combat
    39 | D        | Reached skill level 27 in Invocations
    41 | D        | Noticed a destroyer
    41 | D        | Noticed a sculptor of flesh
    41 | D        | Noticed a sculptor of flesh
    41 | D        | Killed a bag of meat
    41 | D        | Reached skill level 24 in Unarmed Combat
    42 | D        | Killed a large bag of meat
    42 | D        | Killed a large bag of meat
    42 | D        | Killed a large bag of meat
    42 | D        | Reached skill level 25 in Unarmed Combat
    42 | D        | Killed a meat berserker
    43 | D        | Noticed a destroyer
    44 | D        | Noticed an eight-headed meat hydra
    44 | D        | Killed a sculptor of flesh
    44 | D        | Reached skill level 27 in Unarmed Combat
    45 | D        | Noticed a meat berserker
    45 | D        | Noticed a meat berserker
    45 | D        | Noticed a destroyer
    45 | D        | Killed a sculptor of flesh
    47 | D        | Noticed an accursed
    47 | D        | Noticed a meat berserker
    47 | D        | Killed a meat berserker
    48 | D        | Noticed a bag of meat
    48 | D        | Killed a large bag of meat
    48 | D        | Killed a destroyer
    48 | D        | Reached XP level 23. HP: 217/262 MP: 24/48
    48 | D        | Killed a destroyer
    48 | D        | Killed a destroyer
    48 | D        | Killed a sculptor of flesh
    49 | D        | Killed an eight-headed meat hydra
    50 | D        | Noticed a bag of meat
    50 | D        | Noticed an accursed
    51 | D        | Killed a meat berserker
    52 | D        | Noticed a bag of meat
    52 | D        | Killed a nine-headed meat hydra
    52 | D        | Killed a meat berserker
    53 | D        | Killed an accursed
    56 | D        | Noticed a meat berserker
    59 | D        | Noticed a meat berserker
    59 | D        | Killed a bag of meat
    61 | D        | Noticed a sculptor of flesh
    61 | D        | Noticed a bag of meat
    61 | D        | Killed a bag of meat
    61 | D        | Killed a bag of meat
    62 | D        | Noticed a bag of meat
    62 | D        | Noticed a bag of meat
    63 | D        | Noticed a meat berserker
    63 | D        | Killed a meat berserker
    63 | D        | Killed an accursed
    64 | D        | Noticed an accursed
    65 | D        | Killed a meat berserker
    65 | D        | Reached XP level 24. HP: 272/272 MP: 28/48
    66 | D        | Noticed a dread
    67 | D        | Noticed an accursed
    68 | D        | Killed a meat berserker
    69 | D        | Noticed a bag of meat
    70 | D        | Noticed a meat berserker
    70 | D        | Noticed a bag of meat
    70 | D        | Noticed a bag of meat
    70 | D        | Noticed a dread
    71 | D        | Noticed a large bag of meat
    71 | D        | Noticed a meat berserker
    71 | D        | Noticed a bag of meat
    71 | D        | Noticed a dread
    71 | D        | Noticed a meat beast
    72 | D        | HP: 46/272 [??? (27)]
    73 | D        | Killed a dread
    73 | D        | Killed a dread
    73 | D        | Killed an accursed
    73 | D        | Killed a bag of meat
    74 | D        | Noticed a meat berserker
    74 | D        | Killed a meat berserker
    74 | D        | Killed a meat beast
    74 | D        | Killed a bag of meat
    76 | D        | Noticed a meat berserker
    76 | D        | Noticed a bag of meat
    76 | D        | Noticed a large bag of meat
    76 | D        | Killed a bag of meat
    76 | D        | Killed a large bag of meat
    76 | D        | Killed a bag of meat
    77 | D        | Noticed a destroyer
    77 | D        | Noticed a meat berserker
    77 | D        | Noticed a bag of meat
    77 | D        | Noticed a bag of meat
    78 | D        | Noticed an accursed
    78 | D        | Noticed a bag of meat
    78 | D        | Killed a bag of meat
    78 | D        | Killed a dread
    79 | D        | Noticed a dread
    79 | D        | Noticed a meat berserker
    79 | D        | Noticed a dread
    80 | D        | Noticed a bag of meat
    80 | D        | Killed a meat berserker
    80 | D        | Killed a meat berserker
    80 | D        | Killed a bag of meat
    80 | D        | Noticed a bag of meat
    81 | D        | Noticed a large bag of meat
    81 | D        | Killed a large bag of meat
    82 | D        | Noticed a bag of meat
    82 | D        | Noticed a destroyer
    82 | D        | Killed a meat berserker
    82 | D        | Killed a meat berserker
    82 | D        | Reached XP level 25. HP: 280/280 MP: 32/49
    82 | D        | Killed a bag of meat
    83 | D        | Killed a sculptor of flesh
    84 | D        | Killed a bag of meat
    84 | D        | Killed a bag of meat
    84 | D        | Killed a bag of meat
    84 | D        | Killed a meat berserker
    85 | D        | Killed a destroyer
    85 | D        | Killed an accursed
    86 | D        | Noticed a meat beast
    87 | D        | Noticed a meat berserker
    87 | D        | Killed a dread
    87 | D        | Killed a bag of meat
    88 | D        | Noticed a meat berserker
    88 | D        | Noticed a meat berserker
    89 | D        | Noticed a large bag of meat
    89 | D        | Killed a bag of meat
    89 | D        | Killed a meat berserker
    90 | D        | Noticed a destroyer
    90 | D        | Killed an accursed
    90 | D        | Killed a meat beast
    90 | D        | Killed a dread
    90 | D        | Killed a wretched soul
    91 | D        | Noticed a destroyer
    91 | D        | Noticed a bag of meat
    91 | D        | Noticed a meat berserker
    91 | D        | Killed a bag of meat
    91 | D        | Noticed an eight-headed meat hydra
    92 | D        | Noticed a meat berserker
    92 | D        | Killed a bag of meat
    92 | D        | Killed a meat berserker
    92 | D        | Reached XP level 26. HP: 290/290 MP: 35/49
    93 | D        | Noticed a tyrant
    93 | D        | Noticed a bag of meat
    93 | D        | Killed a large bag of meat
    93 | D        | HP: 57/290 [tyrant/the air (54)]
    94 | D        | Killed a meat berserker
    97 | D        | Noticed a bag of meat
    97 | D        | Killed a large bag of meat
    97 | D        | HP: 20/290 [large bag of meat/exploding inner flame (50)]
    97 | D        | Killed a tyrant
    97 | D        | Killed a meat berserker
    99 | D        | Noticed a bag of meat
    99 | D        | Noticed an observer
    99 | D        | Killed a bag of meat
    99 | D        | Killed a destroyer
    99 | D        | Killed a bag of meat
   100 | D        | Killed a destroyer
   101 | D        | Noticed a meat berserker
   101 | D        | Noticed The Defiler
   101 | D        | Killed a bag of meat
   102 | D        | Noticed a bag of meat
   102 | D        | Noticed a bag of meat
   103 | D        | Noticed an eight-headed meat hydra
   103 | D        | Noticed a bag of meat
   103 | D        | Noticed an observer
   103 | D        | HP: 36/290 [??? (25)]
   104 | D        | Noticed a tyrant
   104 | D        | Noticed a meat beast
   104 | D        | Noticed a bag of meat
   104 | D        | Noticed a bag of meat
   104 | D        | Noticed an observer
   104 | D        | Noticed a bag of meat
   104 | D        | Killed a destroyer
   104 | D        | Noticed a bag of meat
   105 | D        | Killed an observer
   106 | D        | Noticed a destroyer
   106 | D        | Noticed a meat berserker
   106 | D        | Killed an observer
   106 | D        | Killed a bag of meat
   106 | D        | Killed a meat berserker
   106 | D        | Killed a bag of meat
   107 | D        | Noticed a bag of meat
   107 | D        | Killed a tyrant
   107 | D        | Killed an observer
   108 | D        | Noticed a bag of meat
   108 | D        | Noticed a bag of meat
   108 | D        | Killed a meat beast
   108 | D        | Killed a nine-headed meat hydra
   109 | D        | Noticed a tyrant
   109 | D        | Noticed a tyrant
   109 | D        | Noticed a bag of meat
   109 | D        | HP: 33/290 [The Defiler/fireball (95)]
   109 | D        | Noticed a large bag of meat
   110 | D        | Killed The Defiler
   110 | D        | Killed a bag of meat
   111 | D        | Killed a bag of meat
   111 | D        | Killed a meat berserker
   112 | D        | Noticed a bag of meat
   112 | D        | Noticed a large bag of meat
   112 | D        | Noticed an accursed
   112 | D        | Noticed a bag of meat
   112 | D        | Noticed an observer
   113 | D        | Noticed a sculptor of flesh
   113 | D        | Noticed a bag of meat
   113 | D        | Noticed a destroyer
   113 | D        | Killed a bag of meat
   114 | D        | Noticed a destroyer
   114 | D        | Killed a bag of meat
   114 | D        | Killed a bag of meat
   114 | D        | Killed a bag of meat
   114 | D        | Noticed a bag of meat
   114 | D        | Noticed a bag of meat
   115 | D        | Noticed a destroyer
   115 | D        | Killed a bag of meat
   116 | D        | Noticed a meat berserker
   116 | D        | Killed a large bag of meat
   116 | D        | Killed a bag of meat
   116 | D        | Killed a bag of meat
   116 | D        | Killed an eight-headed meat hydra
   117 | D        | Noticed a bag of meat
   117 | D        | Killed a tyrant
   117 | D        | Killed a bag of meat
   118 | D        | Noticed a meat berserker
   118 | D        | HP: 53/290 [something (12)]
   118 | D        | Killed from afar by an observer
